 Dungeon Crawl Stone Soup version 0.25-a0-294-gea9b1ad378 (webtiles) character file.

Game seed: 2227108181654809920, levelgen mode: deterministic

308392 Mirvelgyr the Axe Maniac (level 20, -5/151 HPs)
             Began as a Minotaur Berserker on Dec 18, 2019.
             Was an Elder of Trog.
             Killed from afar by a wretched star (12 damage)
             ... with a lance of force
             ... on level 4 of the Abyss on Dec 19, 2019.
             The game lasted 01:32:12 (42439 turns).

Mirvelgyr the Axe Maniac (Minotaur Berserker)      Turns: 42439, Time: 01:32:12

Health: -5/151     AC: 33    Str: 24      XL:     20   Next: 35%
Magic:  24/24      EV: 14    Int:  3 (4)  God:    Trog [****..]
Gold:   1657       SH:  0    Dex: 12 (13) Spells: 19/19 levels left

rFire    + + +     SeeInvis .   E - +7 executioner's axe (chop)
rCold    + + +     Gourm    +   (shield currently unavailable)
rNeg     + . .     Faith    .   j - +5 plate armour {rC+}
rPois    +         Spirit   .   S - +2 hat
rElec    .         Reflect  .   K - +2 cloak {MR+}
rCorr    +         Harm     .   q - +2 pair of gloves
MR       +++++                  t - +1 pair of boots "Ekkofedi" {rF++ rN+ rCorr Dex-2}
Stlth    ..........             G - amulet of the gourmand
HPRegen  1.35/turn              I - ring "Qeseuw" {rPois rC++ MP+9 Dex+2}
MPRegen  0.19/turn              l - ring of protection from magic

@: berserk cooldown, very slightly contaminated, regenerating, slowed, very slow
A: retaliatory headbutt, horns 2, [blurry vision 2], [deformed body],
deterioration 1, fire resistance 1, [frail 2], [low mp 2], [weak 2], [no potion
heal 2]
}: 2/15 runes: barnacled, gossamer
a: Berserk, Trog's Hand, Brothers in Arms, Renounce Religion


You were on level 4 of the Abyss.
You worshipped Trog.
Trog was greatly pleased with you.
You were full.

You visited 6 branches of the dungeon, and saw 34 of its levels.
You visited the Abyss 1 time.
You also visited: Ossuary and Ice Cave.

You collected 3780 gold pieces.
You spent 2123 gold pieces at shops.

Inventory:

Hand Weapons
 y - a +4 battleaxe of flaming
 C - a +6 battleaxe of freezing
 E - a +7 executioner's axe of chopping (weapon)
 R - a +4 antimagic battleaxe
Armour
 j - a +5 plate armour of cold resistance (worn)
 q - a +2 pair of gloves (worn)
 t - the +1 pair of boots "Ekkofedi" (worn) {rF++ rN+ rCorr Dex-2}
   (You found it on level 4 of the Shoals)

   It affects your dexterity (-2).
   It greatly protects you from fire.
   It protects you from negative energy.
   It provides partial protection from all sources of acid and corrosion.
 K - a +2 cloak of magic resistance (worn)
 S - a +2 hat (worn)
Jewellery
 a - an uncursed ring of resist corrosion
 l - a ring of protection from magic (right hand)
 s - an uncursed ring of protection from cold
 v - an uncursed ring of protection from magic
 w - a +3 ring of evasion
 B - an uncursed ring of flight
 G - an amulet of the gourmand (around neck)
 I - the ring "Qeseuw" (left hand) {rPois rC++ MP+9 Dex+2}
   (You found it on level 10 of the Dungeon)

   [ring of poison resistance]

   It affects your dexterity (+2).
   It greatly protects you from cold.
   It protects you from poison.
   It affects your magic capacity (+9).
 J - an uncursed ring of see invisible
 L - an uncursed ring of protection from fire
 X - an uncursed ring of positive energy
Wands
 m - a wand of digging (15)
Scrolls
 e - 4 scrolls of magic mapping
 f - 10 scrolls of teleportation
 h - 16 scrolls of remove curse
 p - 2 scrolls of blinking
 u - 8 scrolls of identify
 x - 6 scrolls of fear
 A - a scroll of summoning
 U - 3 scrolls of fog
 Y - 2 scrolls of holy word
Potions
 b - 10 potions of brilliance
 d - 5 potions of flight
 g - 21 potions of curing
 i - 3 potions of cancellation
 k - 4 potions of ambrosia
 o - 7 potions of agility
 r - a potion of haste
 z - 6 potions of might
 D - 3 potions of heal wounds
 F - 2 potions of resistance
Comestibles
 c - 52 rations


   Skills:
 * Level 18.8 Fighting
 O Level 27 Axes
 * Level 22.6 Armour
 + Level 13.0 Dodging


You had 19 spell levels left.
You didn't know any spells.
Your spell library was empty.

Dungeon Overview and Level Annotations

Branches:
Dungeon (15/15)            Temple (0/1) D:5            Lair (6/6) D:9
 Shoals (4/4) Lair:2       Spider (4/4) Lair:2        Slime (0/5) Lair:6
    Orc (2/2) D:12            Elf (0/3) Orc:2        Vaults (3/5) D:14
  Crypt (0/3) Vaults:3     Depths (0/5) D:15        Ossuary (visited)
  IceCv (visited)

Altars:
Dithmenos
Elyvilon
Gozag
Kikubaaqudgha
Ru
Trog
Uskayaw
Vehumet
Xom
The Shining One

Shops:
D:5 }   D:7 :   D:14 =   D:15 (   Orc:2 ?:(   Vaults:2 *   Vaults:3 (

Portals:
Pandemonium: Orc:2

Annotations:
Vaults:2 Ecatez's ghost, adept HOMo


Innate Abilities, Weirdness & Mutations

You reflexively headbutt those who attack you in melee.
You have a pair of horns on your head.
Your body sometimes deteriorates upon taking damage.
Your flesh is heat resistant. (rF+)
[Scrolls take you longer to read.]
[Armour fits poorly on your strangely shaped body.]
[You are very frail. (-20% HP)]
[Your magical capacity is very low. (-20% MP)]
[You are very weak. (Str -4)]
[Potions are poor at restoring your health.]


Message History

The bolt of energy hits you!!
* * * LOW HITPOINT WARNING * * *
Your body deteriorates!
You feel dopey.
Really read with blurry vision while enemies are nearby? [Y]es or [N]o only, please.
Really read with blurry vision while enemies are nearby? [Y]es or [N]o only, please.
Really read with blurry vision while enemies are nearby?
The large abomination hits you.
* * * LOW HITPOINT WARNING * * *
The cacodemon closely misses you. You furiously retaliate!
You headbutt the cacodemon. The cacodemon closely misses you.
The large abomination hits you!!
* * * LOW HITPOINT WARNING * * *
You begin reading the scroll.
You continue reading the scroll.
The large abomination barely misses you.
The cacodemon closely misses you. x2
The wretched star glows turbulently.
The lance of force hits you!
You die...

.. .# # . # #.. .
.# ##.#
......##....#..##
#.#
................#
...
....[.............
####...
...............#
##
##'.............#
. #............##
p. #)......#....#
≈≈#
##∩.@.....##....
.≈ ≈ #∩*X2...##
.## . #. #..{...##
.. #.....###
#......#
##+......##.
..........
...............
#.............


You could see a cacodemon, a wretched star and a large abomination.

Vanquished Creatures
  Sojobo (Vaults:2)
  Saint Roka (Vaults:1)
  Nikola (Vaults:2)
  Arachne (Spider:3)
  Frances (D:12)
  A kraken (Shoals:4)
  4 tengu reavers
  Kirke (Shoals:2)
  Donald (Vaults:2)
  Ilsuiw (Shoals:2)
  A daeva (Abyss:4)
  3 ghost moths (Spider:4)
  3 vault wardens
  Aizul (Vaults:3)
  3 emperor scorpions
  A very ugly thing (Vaults:3)
  6 ironheart preservers
  4 stone giants
  A reaper (Abyss:4)
  5 entropy weavers
  The ghost of Ovuedwal the Thaumaturge, a journeyman FoVM of Kikubaaqudgha (D:13)
  3 spark wasps
  3 ettins
  7 merfolk javelineers
  5 merfolk impalers
  A quicksilver dragon zombie (Abyss:4)
  5 great orbs of eyes
  A fire dragon (Vaults:1)
  Harold (D:8)
  A green death (Abyss:4)
  10 yaktaur captains
  10 hydras
  3 ice dragons
  5 vault guards (Vaults:2)
  5 merfolk avatars
  4 rakshasas
  13 two-headed ogres
  7 centaur warriors
  An alligator snapping turtle (Shoals:4)
  Erica (Lair:2)
  3 death knights
  A tengu warrior (D:14)
  11 death yaks
  2 merfolk aquamancers
  4 satyrs
  2 thrashing horrors (Abyss:4)
  2 ogre magi
  5 orc high priests (Orc:2)
  A soul eater (Orc:2)
  Sonja (D:11)
  A deep elf knight (Vaults:3)
  A fire crab (shapeshifter) (Vaults:1)
  A wretched star (Abyss:4)
  10 sea snakes
  A sun demon (Orc:2)
  A storm dragon skeleton (Vaults:3)
  2 sixfirhies
  An unseen horror (shapeshifter) (Vaults:1)
  12 skeletal warriors
  A deep troll (Vaults:3)
  2 flayed ghosts
  4 unseen horrors
  A glowing orange brain (Vaults:2)
  4 deep elf archers
  A torturous demonspawn (Orc:2)
  An obsidian statue (Vaults:1)
  A gelid demonspawn (Orc:2)
  26 harpies
  2 wizards
  10 ironbrand convokers
  6 deep elf magi
  21 orb spiders
  11 orc knights
  25 wolf spiders
  A necromancer (D:15)
  A tengu skeleton (Vaults:3)
  23 manticores
  19 fauns
  2 moths of wrath
  2 oklob plants (Lair:6)
  A centaur zombie (D:12)
  18 ugly things
  10 orc sorcerers
  A fire giant zombie (D:15)
  9 merfolk sirens
  13 black mambas
  10 cyclopes
  3 human skeletons (Vaults:3)
  10 elephants
  A stone giant skeleton (Vaults:3)
  A guardian serpent (Lair:6)
  A frost giant skeleton (Vaults:3)
  9 vault sentinels
  A fire giant skeleton (Vaults:3)
  3 ice statues (IceCv)
  5 water nymphs
  19 spiny frogs
  2 smoke demons (Abyss:4)
  2 torpor snails
  A gargoyle (D:14)
  An orange demon (Orc:2)
  29 yaktaurs
  A spriggan zombie (D:15)
  5 komodo dragons
  12 demonic crawlers
  2 efreet (Abyss:4)
  A yaktaur skeleton (Vaults:3)
  8 freezing wraiths
  A red devil (Orc:2)
  5 trolls
  20 merfolk
  29 jumping spiders
  14 hornets
  A troll (shapeshifter) (Vaults:1)
  9 polar bears
  9 snapping turtles
  16 blink frogs
  6 wind drakes
  A deep troll zombie (D:15)
  10 slime creatures
  10 dream sheep
  18 hippogriffs
  A centaur simulacrum (D:11)
  71 redbacks
  4 spriggans
  10 water elementals
  8 wraiths
  A tarantella (shapeshifter) (Vaults:2)
  32 tarantellas
  14 wyverns
  3 ettin skeletons (Vaults:3)
  2 yaks (shapeshifter) (Vaults:2)
  2 shadows
  54 yaks
  A spriggan (shapeshifter) (Vaults:1)
  3 basilisks
  A hungry ghost (D:13)
  7 hogs (Shoals:2)
  4 vampire mosquitoes (D:15)
  2 basilisks (shapeshifter)
  A chaos spawn (Orc:2)
  5 wargs
  Menkaure (D:7)
  19 water moccasins
  An acid dragon (D:13)
  A porcupine (shapeshifter) (Vaults:1)
  2 soldier ants
  9 porcupines
  Duvessa (D:7)
  2 sky beasts
  10 ice beasts
  26 orc warriors
  4 phantoms
  An eye of draining (D:14)
  10 starcursed masses (Abyss:4)
  A necrophage (D:11)
  5 black bears
  7 wolves
  7 boggarts
  24 ogres
  28 centaurs
  13 crocodiles
  An elf skeleton (Vaults:3)
  A yaktaur zombie (D:15)
  A small abomination (Abyss:4)
  11 bullfrogs
  2 gnoll sergeants
  An elf simulacrum (Vaults:1)
  Dowan (D:7)
  7 scorpions
  A wyvern skeleton (D:13)
  An orc simulacrum (Vaults:1)
  17 killer bees
  A human simulacrum (Vaults:3)
  9 electric eels
  10 crimson imps
  6 hounds
  2 bullfrog zombies
  A jelly (D:8)
  13 orc wizards
  6 quasits
  Crazy Yiuf (D:3)
  5 bullfrog skeletons
  A gnoll shaman (D:4)
  22 orc priests
  2 centaur skeletons
  Ijyb (D:3)
  Natasha (twice) (D:2)
  5 iguanas
  7 worker ants
  Terence (D:2)
  A bullfrog simulacrum (D:11)
  A mummy (Ossuary)
  A hound skeleton (D:9)
  Robin (D:2)
  12 gnolls
  A howler monkey skeleton (D:5)
  6 adders
  A hound simulacrum (D:11)
  2 shadow imps
  14 white imps
  A worker ant simulacrum (D:11)
  An ufetubus (D:11)
  4 oozes
  An adder zombie (D:6)
  3 adder skeletons
  3 dart slugs (D:1)
  2 leopard geckos
  70 orcs
  9 giant cockroaches
  12 goblins
  10 hobgoblins
  6 jackals
  5 kobolds
  3 quokkas
  A ball python (D:3)
  9 bats
  A frilled lizard (D:4)
  6 gnoll skeletons (Ossuary)
  A jackal skeleton (D:6)
  3 kobold skeletons (Ossuary)
  A leopard gecko zombie (D:6)
  16 orc skeletons (Ossuary)
  A quokka zombie (D:9)
  6 rats
  4 fungi
  18 plants
  4 tentacles (Shoals:4)
  A withered plant (D:15)
1461 creatures vanquished.

Vanquished Creatures (collateral kills)
  An ogre mage (Vaults:2)
  A manticore (D:14)
  A yak (Lair:2)
  A hound (D:8)
4 creatures vanquished.

Vanquished Creatures (others)
  An unseen horror (D:13)
  An orb spider (Spider:3)
  2 jumping spiders
  A hornet (Spider:4)
  A water elemental (Shoals:3)
  A small abomination (Abyss:4)
  7 fungi
  30 plants
  2 starspawn tentacles (Abyss:4)
  4 tentacles (Shoals:4)
  A withered plant (D:15)
51 creatures vanquished.

Grand Total: 1516 creatures vanquished

Notes
Turn   | Place    | Note
-------+----------+-------------------------------------------
     0 | D:1      | Mirvelgyr the Minotaur Berserker began the quest for the
                  | Orb.
     0 | D:1      | Reached XP level 1. HP: 19/19 MP: 0/0
   114 | D:1      | Reached skill level 4 in Axes
   145 | D:1      | Reached XP level 2. HP: 14/26 MP: 1/1
   479 | D:1      | Reached skill level 5 in Axes
   639 | D:1      | Reached XP level 3. HP: 20/31 MP: 2/2
  1453 | D:2      | Noticed Natasha
  1462 | D:2      | Killed Natasha
  1462 | D:2      | Reached skill level 6 in Axes
  1462 | D:2      | Reached XP level 4. HP: 39/39 MP: 3/3
  1515 | D:2      | Noticed Robin
  1516 | D:2      | Noticed a centaur
  1517 | D:2      | Reached ** piety under Trog
  1528 | D:2      | Killed Robin
  1539 | D:2      | Killed a centaur
  1539 | D:2      | Reached skill level 7 in Axes
  1539 | D:2      | Reached XP level 5. HP: 28/45 MP: 4/4
  1742 | D:2      | Noticed Terence
  1752 | D:2      | Killed Terence
  2087 | D:2      | Noticed Natasha
  2097 | D:2      | Killed Natasha
  2097 | D:2      | Reached skill level 8 in Axes
  2572 | D:3      | Noticed Ijyb
  2577 | D:3      | Reached XP level 6. HP: 51/51 MP: 5/5
  2581 | D:3      | Killed Ijyb
  3006 | D:3      | Found a runed translucent door.
  3007 | D:3      | Noticed Crazy Yiuf
  3117 | D:3      | Paralysed by Crazy Yiuf for 3 turns
  3123 | D:3      | Killed Crazy Yiuf
  3460 | D:4      | Reached skill level 9 in Axes
  3731 | D:4      | Reached XP level 7. HP: 57/57 MP: 6/6
  3846 | D:4      | Reached skill level 10 in Axes
  4114 | D:5      | Entered Level 5 of the Dungeon
  4190 | D:5      | Found a staircase to the Ecumenical Temple.
  4262 | D:5      | Found Otinia's Gadget Shop.
  4361 | D:5      | Reached skill level 11 in Axes
  4814 | D:6      | Reached XP level 8. HP: 64/64 MP: 7/7
  4920 | D:6      | Reached skill level 12 in Axes
  5067 | D:6      | Found a bloodstained altar of Trog.
  5218 | D:6      | Noticed a hippogriff
  5223 | D:6      | Killed a hippogriff
  5223 | D:6      | Reached skill level 13 in Axes
  5389 | D:6      | Reached *** piety under Trog
  5594 | D:7      | Noticed Duvessa
  5594 | D:7      | Noticed Dowan
  5600 | D:7      | Killed Duvessa
  5603 | D:7      | Killed Dowan
  5634 | D:7      | Reached XP level 9. HP: 53/70 MP: 8/8
  5638 | D:7      | Reached skill level 14 in Axes
  5812 | D:7      | Noticed a two-headed ogre
  5821 | D:7      | Killed a two-headed ogre
  5821 | D:7      | Reached skill level 15 in Axes
  5950 | D:7      | Found Seory's Book Emporium.
  6359 | D:7      | Noticed Menkaure
  6365 | D:7      | Killed Menkaure
  6365 | D:7      | Reached skill level 5 in Fighting
  6398 | D:7      | Reached XP level 10. HP: 56/81 MP: 9/9
  6612 | D:8      | Reached skill level 5 in Armour
  6622 | D:8      | Found a sand-covered staircase.
  6629 | Ossuary  | Entered an ossuary
  6689 | Ossuary  | Reached **** piety under Trog
  6844 | D:8      | Gained mutation: You are dopey. (Int -2) [potion of
                  | mutation]
  6844 | D:8      | Gained mutation: You possess an exceptional clarity of
                  | mind. [potion of mutation]
  6844 | D:8      | Lost mutation: You possess an exceptional clarity of mind.
                  | [potion of mutation]
  6844 | D:8      | Gained mutation: You have large cloven feet. [potion of
                  | mutation]
  6974 | D:8      | Noticed Harold
  6995 | D:8      | Killed Harold
  7004 | D:8      | Found a shimmering altar of Xom.
  7202 | D:8      | Found an opulent altar of Gozag.
  7204 | D:8      | Found a radiant altar of Vehumet.
  7204 | D:8      | Found a shadowy altar of Dithmenos.
  7206 | D:8      | Found an ancient bone altar of Kikubaaqudgha.
  7206 | D:8      | Found a white marble altar of Elyvilon.
  7390 | D:8      | Found a hide-covered altar of Uskayaw.
  7391 | D:8      | Found a glowing golden altar of the Shining One.
  7788 | D:9      | Reached skill level 5 in Dodging
  7818 | D:9      | Noticed a death yak
  7818 | D:9      | Noticed a death yak
  7819 | D:9      | Noticed a death yak
  7820 | D:9      | Found a staircase to the Lair.
  7843 | D:9      | Killed a death yak
  7853 | D:9      | Killed a death yak
  7853 | D:9      | Reached XP level 11. HP: 95/95 MP: 10/10
  7859 | D:9      | Killed a death yak
  7921 | D:9      | Noticed a death yak
  7925 | D:9      | Noticed a death yak
  7929 | D:9      | Noticed a death yak
  7938 | D:9      | Killed a death yak
  7943 | D:9      | Killed a death yak
  7950 | D:9      | Killed a death yak
  7950 | D:9      | Reached skill level 10 in Fighting
  8084 | D:9      | Found a sacrificial altar of Ru.
  8262 | D:9      | Reached skill level 10 in Armour
  8620 | D:10     | Entered Level 10 of the Dungeon
  8739 | D:10     | Killed an unseen horror
  9146 | D:10     | Got a transparent pewter ring
  9151 | D:10     | Identified the ring "Qeseuw" {rPois rC++ MP+9 Dex+2} (You
                  | found it on level 10 of the Dungeon)
  9216 | D:10     | Reached XP level 12. HP: 88/110 MP: 11/11
  9550 | Lair:1   | Entered Level 1 of the Lair of Beasts
  9613 | Lair:1   | Noticed a six-headed hydra
  9619 | Lair:1   | Killed a three-headed hydra
  9886 | Lair:1   | Noticed a four-headed hydra
  9897 | Lair:1   | Killed a one-headed hydra
 10650 | Lair:2   | Noticed a six-headed hydra
 10668 | Lair:2   | Killed a one-headed hydra
 10677 | Lair:2   | Noticed Erica
 10686 | Lair:2   | Killed Erica
 11176 | Lair:2   | Found a hole to the Spider Nest.
 11340 | Lair:2   | Found a staircase to the Shoals.
 11969 | Lair:3   | Noticed an eight-headed hydra
 11980 | Lair:3   | Killed a two-headed hydra
 12234 | Lair:3   | Reached XP level 13. HP: 111/122 MP: 12/12
 13204 | Lair:4   | Reached skill level 15 in Armour
 13248 | Lair:4   | Reached ***** piety under Trog
 13248 | Lair:4   | Received a gift from Trog
 13303 | Lair:4   | Reached skill level 16 in Axes
 13816 | Lair:4   | Reached skill level 17 in Axes
 14957 | Lair:5   | Reached XP level 14. HP: 115/129 MP: 13/13
 15297 | Lair:5   | Identified Cor Poy's Compendium of Moulding and Protection
 15435 | Lair:6   | Entered Level 6 of the Lair of Beasts
 15658 | Lair:6   | Reached skill level 18 in Axes
 16006 | Lair:6   | Found a staircase to the Slime Pits.
 17347 | D:11     | Received a gift from Trog
 17610 | D:11     | Reached skill level 19 in Axes
 18786 | D:11     | Noticed Sonja
 18905 | D:11     | Killed Sonja
 19003 | D:12     | Noticed Frances
 19012 | D:12     | Killed Frances
 19817 | D:12     | Found a staircase to the Orcish Mines.
 19957 | Orc:1    | Entered Level 1 of the Orcish Mines
 20176 | Orc:2    | Entered Level 2 of the Orcish Mines
 20190 | Orc:2    | Reached XP level 15. HP: 136/136 MP: 14/14
 20310 | Orc:2    | Found a staircase to the Elven Halls.
 20373 | Orc:2    | Reached skill level 20 in Axes
 20452 | Orc:2    | Found Xofemp's Magic Scroll Shoppe.
 20459 | Orc:2    | Found Plog's Food Emporium.
 20617 | Orc:2    | Bought a scroll of identify for 22 gold pieces
 20617 | Orc:2    | Bought a scroll of identify for 22 gold pieces
 20617 | Orc:2    | Bought a scroll of identify for 22 gold pieces
 20617 | Orc:2    | Bought a scroll of teleportation for 33 gold pieces
 20617 | Orc:2    | Bought a scroll of enchant weapon for 82 gold pieces
 20619 | Orc:2    | Bought a ration for 60 gold pieces
 20619 | Orc:2    | Bought a ration for 60 gold pieces
 20619 | Orc:2    | Bought a ration for 60 gold pieces
 20619 | Orc:2    | Bought a ration for 60 gold pieces
 20619 | Orc:2    | Bought a ration for 60 gold pieces
 20619 | Orc:2    | Bought a ration for 60 gold pieces
 20619 | Orc:2    | Bought a ration for 60 gold pieces
 20619 | Orc:2    | Bought a ration for 60 gold pieces
 20619 | Orc:2    | Bought a ration for 60 gold pieces
 20619 | Orc:2    | Bought a ration for 60 gold pieces
 20619 | Orc:2    | Bought a ration for 60 gold pieces
 20619 | Orc:2    | Bought a ration for 60 gold pieces
 20619 | Orc:2    | Bought a ration for 60 gold pieces
 20619 | Orc:2    | Bought a ration for 60 gold pieces
 20649 | Orc:2    | Received a gift from Trog
 21133 | Orc:2    | Found Icuuq's Antique Weapon Boutique.
 21133 | Orc:2    | Found Gupamik's Book Shop.
 21135 | Orc:2    | Found a one-way gate leading to the halls of Pandemonium.
 21766 | D:13     | Noticed Ovuedwal's ghost (journeyman FoVM)
 21767 | D:13     | Found a runed translucent door.
 21934 | D:13     | Identified the +9 spear "Banisher" {venom, +Blink rF+ rN+}
 22216 | D:13     | Killed Ovuedwal's ghost
 22299 | D:14     | Found Ciwk's Jewellery Shoppe.
 22551 | D:14     | Reached skill level 10 in Dodging
 22611 | D:14     | Found a frozen archway.
 22637 | IceCv    | Entered an ice cave
 22642 | IceCv    | Received a gift from Trog
 22945 | D:14     | Reached skill level 15 in Fighting
 22947 | D:14     | Found a gate to the Vaults.
 23581 | D:15     | Entered Level 15 of the Dungeon
 23633 | D:15     | Found Xylo's Weapon Shop.
 24064 | D:15     | Found a staircase to the Depths.
 24071 | D:15     | Reached XP level 16. HP: 149/149 MP: 15/15
 24941 | Spider:1 | Entered Level 1 of the Spider Nest
 24978 | Spider:1 | Received a gift from Trog
 26456 | Spider:2 | Received a gift from Trog
 27667 | Spider:3 | Noticed Arachne
 27678 | Spider:3 | Killed Arachne
 28314 | Spider:4 | Entered Level 4 of the Spider Nest
 28324 | Spider:4 | Reached XP level 17. HP: 150/161 MP: 16/16
 28963 | Spider:4 | Received a gift from Trog
 29246 | Spider:4 | Got a gossamer rune of Zot
 29560 | Shoals:1 | Entered Level 1 of the Shoals
 29906 | Shoals:1 | Received a gift from Trog
 30499 | Shoals:2 | Noticed Kirke
 30814 | Shoals:2 | Noticed Ilsuiw
 31230 | Shoals:2 | Killed Ilsuiw
 31230 | Shoals:2 | Reached skill level 21 in Axes
 31467 | Shoals:2 | Killed Kirke
 31503 | Shoals:2 | Identified a scroll of acquirement
 32364 | Shoals:4 | Entered Level 4 of the Shoals
 32788 | Shoals:3 | Reached XP level 18. HP: 172/172 MP: 17/17
 32935 | Shoals:3 | Reached skill level 22 in Axes
 33897 | Shoals:4 | Got a pair of polished boots
 33908 | Shoals:4 | Identified the +1 pair of boots "Ekkofedi" {rF++ rN+ rCorr
                  | Dex-2} (You found it on level 4 of the Shoals)
 34363 | Shoals:4 | Got a barnacled rune of Zot
 34397 | Shoals:4 | Reached skill level 23 in Axes
 36109 | Vaults:1 | Entered Level 1 of the Vaults
 36364 | Vaults:1 | Noticed Saint Roka
 36389 | Vaults:1 | Killed Saint Roka
 36546 | Vaults:1 | Reached skill level 24 in Axes
 37293 | Vaults:1 | Reached XP level 19. HP: 179/179 MP: 18/18
 37549 | Vaults:1 | Received a gift from Trog
 37606 | Vaults:1 | Reached skill level 25 in Axes
 38420 | Lair:4   | Lost mutation: You are dopey. (Int -2) [potion of mutation]
 38420 | Lair:4   | Lost mutation: You have large cloven feet. [potion of
                  | mutation]
 38420 | Lair:4   | Gained mutation: You tend to lose your temper in combat.
                  | [potion of mutation]
 38420 | Lair:4   | Gained mutation: Your skin changes colour to match your
                  | surroundings (Stealth+). [potion of mutation]
 38420 | Lair:4   | Gained mutation: You often lose your temper in combat.
                  | [potion of mutation]
 38420 | Lair:4   | Gained mutation: You have large cloven feet. [potion of
                  | mutation]
 38421 | Lair:4   | Lost mutation: You often lose your temper in combat.
                  | [potion of mutation]
 38421 | Lair:4   | Lost mutation: You have large cloven feet. [potion of
                  | mutation]
 38421 | Lair:4   | Lost mutation: You tend to lose your temper in combat.
                  | [potion of mutation]
 38421 | Lair:4   | Lost mutation: Your skin changes colour to match your
                  | surroundings (Stealth+). [potion of mutation]
 38421 | Lair:4   | Gained mutation: Your body sometimes deteriorates upon
                  | taking damage. [potion of mutation]
 38421 | Lair:4   | Gained mutation: You are resistant to hostile enchantments.
                  | (MR+) [potion of mutation]
 38421 | Lair:4   | Lost mutation: You are resistant to hostile enchantments.
                  | (MR+) [potion of mutation]
 38421 | Lair:4   | Gained mutation: Your flesh is heat resistant. (rF+)
                  | [potion of mutation]
 38766 | Vaults:2 | HP: 8/268 [stone giant (36)]
 39084 | Vaults:2 | Noticed Donald
 39092 | Vaults:2 | Killed Donald
 39171 | Vaults:2 | Found Ecloz's Assorted Antiques.
 39431 | Vaults:2 | Noticed Sojobo
 39448 | Vaults:2 | Killed Sojobo
 39448 | Vaults:2 | Reached skill level 26 in Axes
 39591 | Vaults:2 | Bought a potion of resistance for 290 gold pieces
 39591 | Vaults:2 | Bought a faintly humming plate armour for 812 gold pieces
 39602 | Vaults:2 | Identified the cursed +0 plate armour "Ritamounk" {-Tele
                  | +Inv rC+++ Regen+} (You bought it in a shop on level 2 of
                  | the Vaults)
 39972 | Vaults:2 | Found a runed translucent gate.
 39972 | Vaults:2 | Found a runed translucent gate.
 39972 | Vaults:2 | Found a runed translucent gate.
 39973 | Vaults:2 | Noticed Ecatez's ghost (adept HOMo)
 40156 | Vaults:2 | You fall into a shaft and drop 1 floor!
 40159 | Vaults:3 | Found Qaseg's Antique Weapon Emporium.
 40290 | Vaults:3 | Received a gift from Trog
 40979 | Vaults:3 | Received a gift from Trog
 41121 | Vaults:3 | Reached skill level 27 in Axes
 41193 | Vaults:3 | Reached XP level 20. HP: 175/187 MP: 19/19
 41233 | Vaults:3 | Found a staircase to the Crypt.
 41297 | Vaults:3 | Noticed Aizul
 41306 | Vaults:3 | Killed Aizul
 41597 | Vaults:2 | Noticed Nikola
 41608 | Vaults:2 | Killed Nikola
 42239 | Vaults:2 | Cast into level 4 of the Abyss (the power of Zot)
 42239 | Abyss:4  | Found a corrupted altar of Lugonu.
 42438 | Abyss:4  | HP: 5/151 [large abomination (19)]
 42439 | Abyss:4  | Killed from afar by a wretched star

Levels and vault maps discovered:
D:1:      lordsloth_arrival_two_stooges, layout_basic,
          chequers_serial_rivers_micro_e
D:2:      layout_loops_corners, uniq_terence, uniq_robin, uniq_natasha
D:3:      layout_basic, first_ration, serial_curves, eino_curves_03,
          eino_curves_04, uniq_crazy_yiuf_cottage, uniq_ijyb
D:4:      layout_rooms
D:5:      layout_basic, temple_doors_e, serial_shops, shop
D:6:      layout_basic, lemuel_doored_altar, kennysheep_cross_room,
          chequers_serial_rivers_small_3
D:7:      layout_loops_ring, serial_shops, shop, the_bakery, uniq_duvessa,
          uniq_menkaure
D:8:      layout_cave_pools, grunt_temple_overflow_open,
          gammafunk_temple_overflow_statue, chequers_ossuary_entry_cave,
          chequers_serial_rivers_micro_b, minmay_manual_mares, uniq_harold
D:9:      layout_irregular_city, overflow_temple_1_default, dpeg_lair_monsters
D:10:     argonaut_augean_stables, layout_basic
D:11:     layout_basic, serial_ice, serial_ice_g, serial_ice_o, serial_ice_a,
          serial_ice_n, serial_ice_j, serial_ice_d, uniq_sonja
D:12:     layout_irregular_city, orc_0_dummy, uniq_frances
D:13:     layout_basic, ebering_ghost_funeral_grove, nooodl_food_tri
D:14:     layout_irregular_city, skrybe_vaults_entry_preservation, serial_shops,
          shop, portal_ice_cave_entry_imps, kennysheep_doodads
D:15:     gammafunk_depths_entry_grave, layout_basic, minmay_curled_crystal,
          serial_shops, nicolae_shop_trees
Lair:1:   layout_loops_ring
Lair:2:   layout_chaotic_city, minmay_shoals_entry_hut,
          nicolae_spider_entry_non_spiders, uniq_erica
Lair:3:   beast_lair_carwin_large_2, layout_gridlike,
          chequers_serial_rivers_small_3
Lair:4:   layout_long_grid, serial_bayou_pond_d, beast_lair_carwin_8,
          infiniplex_staircase_pool
Lair:5:   layout_roguey
Lair:6:   hangedman_lair_tendril_chambers, layout_hall_layers,
          minmay_slime_entry_oklob_enclosed
Shoals:1: layout_shoals
Shoals:2: layout_shoals, centaur_isle, uniq_kirke, uniq_ilsuiw
Shoals:3: layout_shoals
Shoals:4: shoals_end_hangedman, layout_shoals
Spider:1: layout_spider_delve
Spider:2: layout_spider_delve, nicolae_spider_nook
Spider:3: layout_spider_delve, uniq_arachne
Spider:4: grunt_spider_rune_parallel
Orc:1:    layout_caves, sword_in_stone, uniq_urug
Orc:2:    pf_orc_diabolical, layout_diamond_mine, nicolae_orc_crystal_geode
Vaults:1: v_misc_4, nicolae_vaults_statue_guard, hangedman_vaults_restitches,
          vaults_standard_mumra_lines, v_alt_pattern_1,
          nicolae_vaults_specimen_jars, vaults_mumra_hex, v_misc_8, v_pattern_5,
          hangedman_vaults_stretched_pinwheel, vaults_dpeg_diagonal,
          vaults_room_pools, layout_vaults_omnibox, uniq_saint_roka
Vaults:2: gammafunk_vaults_ghost_tricky_traps, v_misc_19,
          grunt_vaults_hallway_short, st_lines,
          vaults_room_grunt_arrival_checkpoint, v_misc_27,
          ontoclasm_vaults_fault, nicolae_vaults_little_squares_3,
          nicolae_vaults_ring_of_whatevers, dpeg_vaults_monster_box,
          layout_vaults_quadrants, serial_shops,
          nicolae_shop_overgrown_old_shop, uniq_donald, uniq_sojobo, uniq_nikola
Vaults:3: minmay_crypt_entry_skeletal_spiral,
          nicolae_vaults_stairing_the_circle, grunt_vaults_funnel,
          nicolae_vaults_little_squares_4, nicolae_vaults_angled_halls,
          ontoclasm_vaults_hangar, vaults_dpeg_spiral,
          vaults_room_stairs_pillars, hangedman_vaults_maws, vaults_dpeg_hooks,
          st_cross, nicolae_vaults_mini_display_case, layout_vaults_omnicross,
          serial_shops, shop, uniq_aizul
Abyss:4:  base: Orc:1, evilmike_abyss_exit_vortex,
          onia_ninara_dug_in_and_dangerous, minivault_28,
          hangedman_abyss_or_decor_jellyfish_corner,
          evilmike_abyss_rune_siren_acolytes,
          evilmike_abyss_rune_siren_acolytes, grunt_abyss_exit_deep_breaths

Skill      XL: |  1  2  3  4  5  6  7  8  9 10 11 12 13 14 15 16 17 18 19 20 |
---------------+-------------------------------------------------------------+-----
Axes           | 4 5 6 7 8 9 11 13 15 17 19 20 21 24 27 | 27.0
Fighting       | 5 8 11 13 15 17 18 | 18.8
Armour         | 4 8 11 13 17 18 20 21 22 | 22.6
Dodging        | 3 5 7 9 10 11 12 13 | 13.0

Action                   |  1- 3 |  4- 6 |  7- 9 | 10-12 | 13-15 | 16-18 | 19-21 || total
-------------------------+-------+-------+-------+-------+-------+-------+-------++-------
Melee: Hand axe          |    56 |   117 |   260 |   586 |    74 |       |       ||  1093
       Headbutt          |     5 |    16 |    42 |   153 |   234 |   281 |   148 ||   879
       Kick              |       |       |       |    18 |       |       |       ||    18
       Battleaxe         |       |       |       |       |   970 |   565 |       ||  1535
       Executioner's axe |       |       |       |       |       |   660 |   555 ||  1215
Invok: Berserk           |     2 |     3 |     4 |     7 |    14 |    15 |     9 ||    54
       Trog's Hand       |       |     2 |     5 |    11 |    32 |    52 |    23 ||   125
       Brothers in Arms  |       |       |       |     1 |     1 |     1 |     2 ||     5
Evoke: Wand              |       |       |       |     2 |       |       |       ||     2
  Use: Scroll            |       |     2 |    15 |    14 |    13 |    15 |     7 ||    66
       Potion            |       |       |       |     1 |     3 |    13 |     3 ||    20
 Stab: Distracted        |       |       |       |       |       |       |     1 ||     1
  Eat: Chunk             |     3 |    10 |    15 |    10 |    22 |    79 |    31 ||   170
       Ration            |       |       |       |     6 |    13 |     2 |       ||    21
Armor: Animal skin       |     7 |       |       |       |       |       |       ||     7
       Fire dragon scale |     7 |    42 |    91 |    36 |       |       |       ||   176
       Ring mail         |       |       |       |    97 |       |       |       ||    97
       Plate armour      |       |       |       |    50 |   498 |   994 |   337 ||  1879
Dodge: Dodged            |    33 |    74 |   115 |   358 |   713 |  1253 |   270 ||  2816

Table legend:
 A = Non-vault XP
 B = Vault XP
 C = Vault XP percentage of total XP
 D = Non-vault monster count
 E = Vault monster count
 F = Vault count percentage of total count
                 A         B        C        D         E       F
            +---------+---------+-------+---------+---------+-------
      Total |  298100 |  215380 |  41.9 |     959 |     482 |  33.4
            +---------+---------+-------+---------+---------+-------
        D:1 |      51 |       0 |   0.0 |      21 |       0 |   0.0
        D:2 |     214 |     103 |  32.5 |      20 |      13 |  39.4
        D:3 |      59 |      79 |  57.2 |      11 |       2 |  15.4
        D:4 |     434 |       0 |   0.0 |      14 |       0 |   0.0
        D:5 |     453 |       0 |   0.0 |       5 |       0 |   0.0
        D:6 |    1013 |       0 |   0.0 |      18 |       0 |   0.0
        D:7 |    2558 |     629 |  19.7 |      38 |       4 |   9.5
        D:8 |    1153 |    1266 |  52.3 |      20 |       3 |  13.0
        D:9 |    4708 |    5260 |  52.8 |      43 |       6 |  12.2
       D:10 |    1608 |    2451 |  60.4 |      15 |      12 |  44.4
       D:11 |    8562 |    1818 |  17.5 |      37 |      11 |  22.9
       D:12 |    7987 |    2495 |  23.8 |      36 |       1 |   2.7
       D:13 |    5567 |    3454 |  38.3 |      28 |      10 |  26.3
       D:14 |    7136 |    3882 |  35.2 |      18 |      21 |  53.8
       D:15 |    6120 |    4096 |  40.1 |      16 |       8 |  33.3
     Lair:1 |    4476 |       0 |   0.0 |      15 |       0 |   0.0
     Lair:2 |    5647 |    1454 |  20.5 |      22 |      10 |  31.2
     Lair:3 |    7572 |    1537 |  16.9 |      18 |       7 |  28.0
     Lair:4 |   14395 |    2815 |  16.4 |      44 |       6 |  12.0
     Lair:5 |    7658 |       0 |   0.0 |      25 |       0 |   0.0
     Lair:6 |    2601 |   11547 |  81.6 |      12 |      38 |  76.0
   Shoals:1 |   11875 |       0 |   0.0 |      23 |       0 |   0.0
   Shoals:2 |   12283 |   12090 |  49.6 |      26 |      20 |  43.5
   Shoals:3 |   21863 |       0 |   0.0 |      51 |       0 |   0.0
   Shoals:4 |   15090 |   21735 |  59.0 |      25 |      36 |  59.0
   Spider:1 |   19396 |       0 |   0.0 |      51 |       0 |   0.0
   Spider:2 |   18368 |    4477 |  19.6 |      51 |      12 |  19.0
   Spider:3 |   11886 |    3381 |  22.1 |      33 |       1 |   2.9
   Spider:4 |    7998 |   22718 |  74.0 |      19 |      48 |  71.6
      Orc:1 |     289 |       0 |   0.0 |       6 |       0 |   0.0
      Orc:2 |    4592 |   16598 |  78.3 |      32 |      57 |  64.0
   Vaults:1 |   37944 |   22109 |  36.8 |      76 |      38 |  33.3
   Vaults:2 |   14290 |   40241 |  73.8 |      25 |      36 |  59.0
   Vaults:3 |   20288 |   25012 |  55.2 |      41 |      40 |  49.4
    Abyss:4 |   11966 |     984 |   7.6 |      24 |       4 |  14.3
    Ossuary |       0 |     266 | 100.0 |       0 |      27 | 100.0
      IceCv |       0 |    2883 | 100.0 |       0 |      11 | 100.0
            +---------+---------+-------+---------+---------+-------
